 Dungeon Crawl Stone Soup version 0.30-a0-355-g4c39ff33d3 (webtiles) character file.

Game seed: 8848130922011255129

446648 Nattfarinn the Slayer (level 22, -3/212 HPs)
             Began as a Mummy Necromancer on Nov 8, 2022.
             Was the Champion of Ashenzari.
             Slain by a rockslime (27 damage)
             ... created by the Royal Jelly
             ... on level 5 of the Pits of Slime.
             The game lasted 02:57:35 (66532 turns).

Nattfarinn the Slayer (Mummy Necromancer)          Turns: 66532, Time: 02:57:36

Health: -3/212     AC: 24    Str: 23 (24) XL:     22   Next: 81%
Magic:  48/48      EV: 16    Int: 27      God:    Ashenzari [******]
Gold:   3847       SH:  5    Dex: 11      Spells: 13/66 levels left

rFire   x . .      SeeInvis +    N - +12 lajatang "Seeker of Ashenzari" {flame, rPois Dex+2, Elem, Fort} (curse)
rCold   + . .      Faith    +    (shield currently unavailable)
rNeg    + + +      Spirit   .    p - +5 ring mail of Ashenzari's Prison {rPois Str+4 Stlth-, Comp, Bglg} (curse)
rPois   ∞          Reflect  +    f - +1 helmet "Restrained With Me" {Elem, Self} (curse)
rElec   +          Harm     .    n - +0 cloak "Malaise of Ashenzari" {Comp, Melee} (curse)
rCorr   .          Rampage  .    u - +2 pair of gloves of the Unveiling Cosmos {Self, Comp} (curse)
Will    +++..      Clarity  +    B - +0 pair of boots "Shackled Omission" {Alch, Cun} (curse)
Stlth   +.........               E - amulet "Tethered Omission" {Reflect Fly Str+7 SH+5, Elem, Comp} (curse)
HPRegen 0.55/turn                w - ring of the Cursed Apathy {rElec Will+ Int+4 Dex-4 SInv, Elem, Fort} (curse)
MPRegen 0.31/turn                t - ring of Supernal Understanding {AC+4, Self, Elem} (curse)

@: corroded, flying
A: cold resistance 1, negative energy resistance 3, torment resistance 2, heat
vulnerability 1, in touch with death 2, no potions, faith
}: 3/15 runes: decaying, silver, gossamer
a: Renounce Religion, Shatter the Chains


You were on level 5 of the Pits of Slime.
You worshipped Ashenzari.
Ashenzari was exalted by your worship.
You visited 8 branches of the dungeon, and saw 41 of its levels.
You also visited: Trove, Bailey and Ice Cave.

You collected 7118 gold pieces.
You spent 3271 gold pieces at shops.

Inventory:

Hand Weapons
 N - the cursed +12 lajatang "Seeker of Ashenzari" (weapon) {flame, rPois Dex+2, Elem, Fort}
   (You acquired it on level 5 of the Lair of Beasts)

   It burns those it strikes, dealing additional fire damage.
   Big, fiery blades are also staple armaments of hydra-hunters.
   Dex:       It affects your dexterity (+2).
   rPois:     It protects you from poison.
   It has a curse which improves the following skills: Elements: Fire Magic, Ice
   Magic, Air Magic and Earth Magic.
   Fortitude: Armour and Shields.
Armour
 f - the cursed +1 helmet "Restrained With Me" (worn) {Elem, Self}
   (You found it on level 1 of the Dungeon)

   It has a curse which improves the following skills: Elements: Fire Magic, Ice
   Magic, Air Magic and Earth Magic.
   Introspection: Fighting and Spellcasting.
 g - the +3 plate armour "Xenk" {*Corrode Str+2 Int+7 Dex+3}
   (You found it on level 5 of the Dungeon)

   Str:       It affects your strength (+2).
   Int:       It affects your intelligence (+7).
   Dex:       It affects your dexterity (+3).
   *Corrode:  It may corrode you when you take damage.
 n - the cursed +0 cloak "Malaise of Ashenzari" (worn) {Comp, Melee}
   (You found it on level 3 of the Dungeon)

   It has a curse which improves the following skills: Companions: Summonings
   and Necromancy.
   Melee Combat: Short Blades, Long Blades, Axes, Maces & Flails, Polearms,
   Staves and Unarmed Combat.
 p - the cursed +5 ring mail of Ashenzari's Prison (worn) {rPois Str+4 Stlth-, Comp, Bglg}
   (You found it on level 3 of the Dungeon)

   Str:       It affects your strength (+4).
   rPois:     It protects you from poison.
   Stlth:     It makes you less stealthy.
   It has a curse which improves the following skills: Companions: Summonings
   and Necromancy.
   Beguiling: Conjurations, Hexes and Translocations.
 u - the cursed +2 pair of gloves of the Unveiling Cosmos (worn) {Self, Comp}
   (You found it on level 4 of the Dungeon)

   It has a curse which improves the following skills: Introspection: Fighting
   and Spellcasting.
   Companions: Summonings and Necromancy.
 x - the +0 pair of gloves of Altruism {+Inv Str+3}
   (You found it on level 9 of the Dungeon)

   Str:       It affects your strength (+3).
   +Inv:      It lets you turn invisible.
 B - the cursed +0 pair of boots "Shackled Omission" (worn) {Alch, Cun}
   (You found it on level 10 of the Dungeon)

   It has a curse which improves the following skills: Alchemy: Poison Magic and
   Transmutations.
   Cunning:   Dodging and Stealth.
 O - the +2 hat of Beogh's Outrage {*Slow rElec Int+9}
   (You found it in a treasure trove)

   Int:       It affects your intelligence (+9).
   rElec:     It insulates you from electricity.
   *Slow:     It may slow you when you take damage.
 P - the +5 ring mail of Zollare {rF+ Will+ Int+2 Slay-5}
   (You found it in a treasure trove)

   Int:       It affects your intelligence (+2).
   Slay:      It affects your accuracy & damage with ranged weapons and melee
   (-5).
   rF:        It protects you from fire.
   Will:      It increases your willpower.
 Q - the +3 crown of Dyrovepreva {rElec Int+2 SInv}
   (You found it in a treasure trove)

   Int:       It affects your intelligence (+2).
   rElec:     It insulates you from electricity.
   SInv:      It lets you see invisible.
 R - the +8 orange crystal plate armour {Archmagi, Int+3 Clar}
   (You found it in a treasure trove)

   Int:       It affects your intelligence (+3).
   Clar:      It protects you against confusion.
 S - the +0 helmet of Makhleb, Summoning {Regen+}
   (You found it in a treasure trove)

   Regen:     It increases your rate of health regeneration.
 T - the +0 buckler of the Eternal Void {Dex+2}
   (You found it in a treasure trove)

   Dex:       It affects your dexterity (+2).
 U - the +2 pair of gloves of the Jackalope {rC+ rCorr}
   (You found it in a treasure trove)

   rC:        It protects you from cold.
   rCorr:     It protects you from acid and corrosion.
 X - the +2 pair of gloves of Disappointment {rPois Int+2 Dex+2}
   (You acquired it on level 5 of the Vaults)

   Int:       It affects your intelligence (+2).
   Dex:       It affects your dexterity (+2).
   rPois:     It protects you from poison.
Jewellery
 h - the ring "Moliotom" {rElec rPois Will++ Dex+2}
   (You took it off a deep elf knight on level 5 of the Vaults)

   [ring of poison resistance]

   Dex:       It affects your dexterity (+2).
   rElec:     It insulates you from electricity.
   rPois:     It protects you from poison.
   Will:      It greatly increases your willpower.
 l - the ring "Uskept" {Str+6 Slay+4}
   (You found it on level 5 of the Vaults)

   [ring of strength]

   Str:       It affects your strength (+6).
   Slay:      It affects your accuracy & damage with ranged weapons and melee
   (+4).
 s - the ring of Wysucw {rPois SInv}
   (You found it on level 2 of the Swamp)

   [ring of see invisible]

   rPois:     It protects you from poison.
   SInv:      It lets you see invisible.
 t - the cursed ring of Supernal Understanding (right hand) {AC+4, Self, Elem}
   (You found it on level 4 of the Dungeon)

   [ring of protection]

   AC:        It affects your AC (+4).
   It has a curse which improves the following skills: Introspection: Fighting
   and Spellcasting.
   Elements:  Fire Magic, Ice Magic, Air Magic and Earth Magic.
 w - the cursed ring of the Cursed Apathy (left hand) {rElec Will+ Int+4 Dex-4 SInv, Elem, Fort}
   (You bought it in a shop on level 6 of the Dungeon)

   [ring of willpower]

   Int:       It affects your intelligence (+4).
   Dex:       It affects your dexterity (-4).
   rElec:     It insulates you from electricity.
   SInv:      It lets you see invisible.
   Will:      It increases your willpower.
   It has a curse which improves the following skills: Elements: Fire Magic, Ice
   Magic, Air Magic and Earth Magic.
   Fortitude: Armour and Shields.
 C - the ring of Serendipity {Dex+4 SInv}
   (You took it off a deep elf death mage on level 5 of the Vaults)

   [ring of see invisible]

   Dex:       It affects your dexterity (+4).
   SInv:      It lets you see invisible.
 E - the cursed amulet "Tethered Omission" (around neck) {Reflect Fly Str+7 SH+5, Elem, Comp}
   (You acquired it on level 7 of the Dungeon)

   [amulet of reflection]

   It reflects blocked missile attacks.
   Str:       It affects your strength (+7).
   Fly:       It grants you flight.
   SH:        It affects your SH (+5).
   It has a curse which improves the following skills: Elements: Fire Magic, Ice
   Magic, Air Magic and Earth Magic.
   Companions: Summonings and Necromancy.
 H - the ring "Meleb" {rElec rPois Int+3 SInv}
   (You found it on level 5 of the Vaults)

   [ring of see invisible]

   Int:       It affects your intelligence (+3).
   rElec:     It insulates you from electricity.
   rPois:     It protects you from poison.
   SInv:      It lets you see invisible.
 J - the ring of the Tortoise {AC+8}
   (You found it on level 3 of the Swamp)

   [ring of protection]

   AC:        It affects your AC (+8).
 K - the amulet of Nudgh {RegenMP rPois Str+2}
   (You found it on level 3 of the Swamp)

   [amulet of magic regeneration]

   It increases your rate of magic regeneration.
   Str:       It affects your strength (+2).
   rPois:     It protects you from poison.
 Y - a +4 ring of protection
Wands
 e - a wand of charming (33)
 o - a wand of flame (93)
 r - a wand of roots (83)
 G - a wand of acid (22)
 L - a wand of mindburst (18)
 M - a wand of polymorph (27)
 W - a wand of digging (4)
Scrolls
 a - 2 scrolls of silence
 b - 14 scrolls of teleportation
 d - 8 scrolls of magic mapping
 i - 2 scrolls of torment
 j - 4 scrolls of enchant armour
 k - 4 scrolls of enchant weapon
 m - 10 scrolls of poison
 q - a scroll of brand weapon
 v - 8 scrolls of fog
 y - 7 scrolls of vulnerability
 A - 4 scrolls of amnesia
 D - 9 scrolls of immolation
 Z - 4 scrolls of fear
Miscellaneous
 z - a condenser vane
 F - a tin of tremorstones (2/2)
 V - a phial of floods


   Skills:
 + Level 22.6(27) Fighting
 - Level 11.7(14.3) Staves
 - Level 14.4(18.2) Armour
 - Level 11.7(14.3) Dodging
 - Level 1.5(3.3) Stealth
 - Level 18.0(22.9) Spellcasting
 - Level 9.9(16.0) Summonings
 - Level 14.4(20.5) Necromancy
 - Level 13.7(20.9) Fire Magic


You had 13 spell levels left.
You knew the following spells:

 Your Spells              Type           Power      Damage    Failure   Level
a - Necrotise             Necr           100%       1d9       0%          1
b - Vampiric Draining     Necr           100%       2d13      0%          3
c - Summon Cactus Giant   Summ           43%        N/A       1%          6
d - Ignite Poison         Fire/Tmut/Pois 63%        N/A       1%          3
e - Summon Forest         Summ/Tloc      33%        N/A       1%          5
f - Haunt                 Necr/Summ      69%        N/A       1%          7
g - Ignition              Fire           48%        3d14      1%          8
h - Infestation           Necr           72%        N/A       2%          8
i - Dispel Undead         Necr           100%       3d31      0%          4
j - Cigotuvi's Dreadful   Necr/Pois/Air  100%       N/A       1%          2
k - Death Channel         Necr           72%        N/A       1%          6

Your spell library contained the following spells:

 Spells                   Type           Power      Damage    Failure   Level
 Summon Small Mammal      Summ           100%       N/A       0%          1
 Animate Dead             Necr           100%       N/A       0%          4
 Agony                    Necr           100%       N/A       0%          5
 Apportation              Tloc           64%        N/A       1%          1
 Kiss of Death            Conj/Necr      100%       2d13      1%          1
 Magic Dart               Conj           100%       1d8       1%          1
 Shock                    Conj/Air       100%       1d9       1%          1
 Blink                    Tloc           64%        N/A       1%          2
 Momentum Strike          Conj/Tloc      64%        3d9       1%          2
 Searing Ray              Conj           64%        2d6       1%          2
 Inner Flame              Hex/Fire       73%        N/A       1%          3
 Summon Guardian Golem    Hex/Summ       66%        N/A       1%          3
 Sticky Flame             Conj/Fire      73%        2d9       1%          4
 Summon Ice Beast         Ice/Summ       67%        N/A       1%          4
 Summon Lightning Spire   Summ/Air       67%        N/A       1%          4
 Summon Mana Viper        Hex/Summ       66%        N/A       1%          5
 Monstrous Menagerie      Summ           43%        N/A       1%          7
 Summon Hydra             Summ           43%        N/A       1%          7
 Swiftness                Air            36%        N/A       3%          3
 Starburst                Conj/Fire      36%        6d11      3%          6
 Confusing Touch          Hex            32%        N/A       4%          3
 Lesser Beckoning         Tloc           64%        N/A       4%          3
 Tukima's Dance           Hex            32%        N/A       4%          3
 Airstrike                Air            18%        2d(3-19)  10%         4
 Petrify                  Tmut/Erth      34%        N/A       11%         4
 Cause Fear               Hex            16%        N/A       13%         4
 Fulminant Prism          Conj/Hex       16%        3d10      13%         4
 Passage of Golubria      Tloc           32%        N/A       13%         4
 Metabolic Englaciation   Hex/Ice        17%        N/A       30%         5
 Alistair's Intoxication  Tmut/Pois      21%        N/A       36%         5
 Irradiate                Conj/Tmut      16%        3d17      36%         5
 Yara's Violent Unravell  Hex/Tmut       16%        3d8       36%         5
 Spellforged Servitor     Conj/Summ      33%        N/A       41%         7
 Iron Shot                Conj/Erth      17%        9d4       86%         6
 Orb of Destruction       Conj           16%        9d7       100%        7
 Discord                  Hex            16%        N/A       100%        8
 Sublimation of Blood     Necr           Unusable   N/A       N/A         2
 Statue Form              Tmut/Erth      Unusable   N/A       N/A         6

Dungeon Overview and Level Annotations

Branches:
Dungeon (15/15)            Temple (1/1) D:5            Lair (5/5) D:8
  Swamp (4/4) Lair:3       Spider (4/4) Lair:2        Slime (5/5) Lair:5
    Orc (2/2) D:10            Elf (0/3) Orc:2        Vaults (5/5) D:13
  Crypt (0/3) Vaults:2     Depths (0/4) D:15         Bailey (visited)
  IceCv (visited)

Altars:
Ashenzari
Cheibriados
Dithmenos
Fedhas
Gozag
Hepliaklqana
Kikubaaqudgha
Makhleb
Nemelex Xobeh
Okawaru
Qazlal
Ru
Sif Muna
Trog
Uskayaw
Vehumet
Wu Jian
Xom
Yredelemnul
Jiyva

Shops:
D:3 :   D:6 =   D:8 [   D:13 *   Orc:1 (:*   Orc:2 *([*=   Vaults:5 (


Innate Abilities, Weirdness & Mutations

You are immune to poison.
Your flesh is cold resistant. (rC+)
You are immune to negative energy. (rN+++)
You are immune to unholy pain and torment.
You are vulnerable to heat. (rF-)
You are strongly in touch with the powers of death.
You do not drink.
You have a special connection with the divine. (Faith)


Message History

The great orb of eyes bites you but does no damage.
Your surroundings suddenly seem different.
An acid blob comes into view.
The large slime creature quivers.
The rockslime quivers. x3
The acid blob quivers.
As you read the scroll of teleportation, it crumbles to dust.
You feel strangely unstable. The large slime creature hits you!
The rockslime hits you but does no damage.
The rockslime closely misses you.
Unknown command.
Unknown command.
Unknown command.
The rockslime attacks as you move away! You block the rockslime's attack.
The large slime creature attacks as you move away!
The large slime creature barely misses you.
You block the rockslime's attack.
Unknown command.
Unknown command.
The acid blob spits acid at you.
The splash of acid hits you but does no damage.
The acid corrodes you!
Unknown command.
Unknown command.
The rockslime attacks as you move away! The rockslime hits you!!
* * * LOW HITPOINT WARNING * * *
Unknown command.
Unknown command.
Unknown command.
Your surroundings suddenly seem different.
An acid blob comes into view.
The acid blob quivers.
The acid blob spits acid at you. The splash of acid hits you!!
* * * LOW HITPOINT WARNING * * *
The acid corrodes you!
Unknown command.
Unknown command.
As you read the scroll of fog, it crumbles to dust.
The scroll dissolves into smoke.
The rockslime hits you!!
You die...

###.....................
#.......................
###....................,
##.........................
#.....................,....
####..................G.
....
#...........§..§........
.... #...........§J§......
,....
#...........§§@§...... ,
,....
#............§§§......, ,,
....
##...................., ,,
....
*#....................,
....
*.....................,
*.###
*#..................J..**,*
* **, ,..............#*,,
*, ∆ , , , ,
.............##,, *, * , ,
, ,, ,,, ,, , , *,,,,, ,{


You could see an acid blob and a rockslime.

Vanquished Creatures
  the Royal Jelly (Slime:5)
  2 dread liches
  4 ancient liches (Vaults:5)
  Bai Suzhen (Swamp:4)
  A tentacled monstrosity (Vaults:5)
  2 titans (Vaults:5)
  20 acid blobs
  4 sphinxes
  2 storm dragons
  8 tengu reavers
  The ghost of fly the Peltast, an adept DrMo of the Shining One (Swamp:2)
  A fenstrider witch (Swamp:1)
  7 azure jellies
  3 rockslimes
  17 vault wardens
  A frost giant (Vaults:5)
  4 iron dragons
  8 ghost moths
  3 orc warlords
  4 emperor scorpions
  A ghost moth (shapeshifter) (D:15)
  9 quicksilver oozes
  6 ironbound thunderhulks
  9 very ugly things
  A reaper (IceCv)
  18 ironbound preservers
  2 war gargoyles
  A deep elf demonologist (Vaults:5)
  6 stone giants
  7 eleionomae
  5 bunyips
  2 deep elf annihilators (Vaults:5)
  12 dire elephants
  3 spark wasps (Spider:4)
  7 entropy weavers
  3 ettins
  Snorg (D:13)
  3 crystal guardians
  10 great orbs of eyes
  2 deep elf high priests (Vaults:5)
  A fire dragon (D:15)
  15 yaktaur captains
  3 peacekeepers
  A rakshasa (D:13)
  3 ogre magi
  Fannar (Lair:2)
  32 vault guards
  A jorogumo (Spider:3)
  16 hydras
  3 ironbound frosthearts
  2 radroaches
  A death knight (Vaults:2)
  13 centaur warriors
  A death yak (Lair:5)
  8 boulder beetles
  6 two-headed ogres
  A tengu warrior (D:13)
  10 alligators
  Urug (Lair:1)
  2 orc high priests (Orc:2)
  2 deep troll earth magi
  2 deep elf knights (Vaults:5)
  20 spriggans
  5 pharaoh ants
  3 skeletal warriors (D:15)
  A sun moth (Spider:1)
  A glowing orange brain (Vaults:1)
  7 steelbarb worms
  25 deep trolls
  4 spriggan druids (Swamp:1)
  9 swamp dragons
  A death drake (Swamp:3)
  4 goliath frogs
  13 lindwurms
  19 ironbound convokers
  3 phantasmal warriors
  A deep troll (shapeshifter) (Vaults:5)
  19 bog bodies
  6 deep elf pyromancers
  7 wizards
  5 spectral hydras (Swamp:3)
  13 orb spiders
  17 orc knights
  10 harpies (Vaults:2)
  A necromancer (Vaults:3)
  A sphinx skeleton (Vaults:3)
  27 ugly things
  9 orc sorcerers
  2 shining eyes
  5 goliath frog zombies (Swamp:3)
  15 wolf spiders
  135 slime creatures
  A deep elf zephyrmancer (Vaults:5)
  2 moths of wrath
  A frost giant zombie (Vaults:3)
  6 cyclopes
  A manticore (D:12)
  A guardian serpent (D:11)
  An oklob plant (Lair:3)
  6 will-o-the-wisps
  15 elephants
  3 eyes of devastation
  9 vault sentinels
  Joseph (D:9)
  2 ice statues (IceCv)
  2 black mambas
  8 torpor snails
  8 cane toads
  Psyche (D:9)
  An unseen horror (shapeshifter) (D:15)
  A gargoyle (D:13)
  5 komodo dragons
  6 swamp worm zombies (Swamp:3)
  An unseen horror (D:10)
  22 demonic crawlers
  6 rime drakes
  6 ice devils (IceCv)
  44 yaktaurs
  5 freezing wraiths
  A merfolk (shapeshifter) (D:15)
  2 bloated husks (Swamp:4)
  5 polar bears
  12 trolls
  22 tarantellas
  6 meliai (Spider:1)
  12 hornets
  A tarantella (shapeshifter) (D:11)
  A nameless horror (Orc:2)
  3 tyrant leeches
  3 alligator zombies (Swamp:3)
  2 dream sheep (Lair:5)
  8 blink frogs (Lair:3)
  A centaur simulacrum (D:14)
  A jumping spider (shapeshifter) (D:14)
  25 culicivoras
  45 jumping spiders
  48 yaks
  A basilisk (Lair:2)
  4 wraiths
  5 wyverns
  A large abomination (Swamp:3)
  2 golden eyes (Slime:2)
  73 redbacks
  A redback (shapeshifter) (D:15)
  A tyrant leech zombie (Swamp:3)
  A death yak simulacrum (IceCv)
  A human simulacrum (Vaults:3)
  10 swamp worms
  16 vampire mosquitoes
  5 wargs
  11 water moccasins
  2 ice beasts
  30 orc warriors
  8 swamp drakes
  8 black bears
  A sky beast (D:7)
  5 ogres
  5 boggarts
  29 wolves
  12 centaurs
  3 phantoms (D:10)
  3 kobold brigands
  13 bullfrogs
  2 necrophages
  2 gnoll sergeants
  A two-headed ogre simulacrum (IceCv)
  2 cane toad simulacra (IceCv)
  4 scorpions
  8 wights
  2 troll zombies
  7 killer bees
  A spriggan zombie (Swamp:3)
  3 elephant simulacra (IceCv)
  3 electric eels
  6 howler monkeys
  5 jellies
  5 hounds
  18 orc priests
  2 gnoll boudas
  An iguana (D:6)
  Terence (D:2)
  Natasha (thrice) (D:3)
  36 orc wizards
  A troll simulacrum (IceCv)
  A polar bear simulacrum (IceCv)
  2 spriggan simulacra (IceCv)
  A wolf simulacrum (IceCv)
  5 ogre zombies (D:10)
  30 gnolls
  3 naga simulacra (IceCv)
  6 adders
  3 white imps
  7 ufetubi
  3 worms (D:3)
  2 dart slugs
  113 orcs
  2 bats (D:2)
  9 endoplasms
  2 giant cockroaches
  11 goblins
  7 hobgoblins
  5 jackals
  16 kobolds
  2 quokkas
  7 ball pythons
  3 frilled lizards
  2 goblin zombies (D:10)
  A hobgoblin skeleton (D:10)
  3 hobgoblin zombies (D:10)
  2 orc skeletons (D:10)
  11 orc zombies (D:10)
  9 rats
  A bush (Lair:4)
1711 creatures vanquished.

Vanquished Creatures (collateral kills)
  Mara (Swamp:3)
  Sojobo (Vaults:4)
  the Lernaean hydra (Swamp:4)
  Arachne (Spider:3)
  Jory (Vaults:4)
  A tentacled monstrosity (Vaults:5)
  2 titans (Vaults:5)
  An acid blob (Slime:3)
  A sphinx (Vaults:5)
  3 shadow dragons (Vaults:5)
  2 storm dragons (Vaults:5)
  A thorn hunter (Swamp:4)
  A rockslime (Slime:5)
  Donald (Spider:1)
  An azure jelly (Slime:4)
  A deep elf sorcerer (Vaults:5)
  2 ironbound preservers
  A ghost moth (Spider:4)
  A war gargoyle (Vaults:2)
  2 dire elephants
  A spark wasp (Spider:4)
  A bunyip (Swamp:1)
  An ettin (Vaults:5)
  3 deep elf death magi (Vaults:5)
  A yaktaur captain (Vaults:5)
  A shambling mangrove (Swamp:2)
  2 hydras
  Erolcha (D:13)
  4 vault guards (Vaults:5)
  A ghost crab (Swamp:2)
  An ironbound frostheart (Vaults:1)
  4 jorogumos
  An ogre mage (Vaults:5)
  A boulder beetle (D:13)
  A death knight (Vaults:2)
  A radroach (Spider:1)
  6 death yaks (Lair:4)
  An alligator (Swamp:1)
  A hell knight (Vaults:2)
  Sonja (D:11)
  2 orc high priests (Orc:2)
  7 spriggans
  A pharaoh ant (Spider:1)
  A goliath frog (Swamp:2)
  2 sun moths
  A spriggan druid (Swamp:1)
  3 deep trolls (Vaults:1)
  A swamp dragon (Swamp:1)
  2 steelbarb worms
  2 orb spiders
  3 bog bodies
  A spectral hydra (Swamp:3)
  A necromancer (Swamp:3)
  3 orc knights
  A phantasmal warrior (Vaults:2)
  A wolf spider (Spider:3)
  2 orc sorcerers (Orc:2)
  A shining eye (Slime:5)
  Maurice (D:11)
  A will-o-the-wisp (Swamp:1)
  A vault sentinel (Vaults:1)
  A moth of wrath (Spider:4)
  An elephant (Lair:2)
  A gargoyle (D:10)
  2 cane toads
  An ice devil (IceCv)
  A polar bear (Lair:5)
  3 slime creatures
  2 tarantellas (Spider:4)
  3 hornets
  A bloated husk (Swamp:1)
  3 jumping spiders
  3 culicivoras
  2 wraiths
  7 yaks
  A golden eye (Slime:5)
  A warg (Orc:2)
  6 redbacks
  A vampire mosquito (D:12)
  4 swamp worms
  An acid dragon (shapeshifter) (Vaults:2)
  4 orc warriors (Orc:2)
  A swamp drake (Swamp:1)
  An ogre (Orc:1)
  3 boggarts (Lair:5)
  A wolf (Lair:5)
  An elephant simulacrum (IceCv)
  3 orc priests (Orc:2)
  7 orc wizards (Orc:2)
  A dart slug (D:1)
  8 orcs
  A bat (D:1)
  2 endoplasms (D:1)
  A hobgoblin (D:1)
  A jackal (D:1)
  A ball python (D:1)
  A kobold (D:3)
  A bush (Lair:4)
181 creatures vanquished.

Vanquished Creatures (others)
  A bloated husk (Swamp:2)
  2 orc wizards (Orc:2)
  An orc (D:14)
  2 bushes (Lair:4)
  22 foxfires
  62 fungi
  98 plants
  5 snaplasher vines
  2 withered plants (Swamp:3)
195 creatures vanquished.

Grand Total: 2087 creatures vanquished

Notes
Turn   | Place    | Note
-------+----------+-------------------------------------------
     0 | D:1      | Nattfarinn the Mummy Necromancer began the quest for the
                  | Orb.
     0 | D:1      | Reached XP level 1. HP: 13/13 MP: 4/4
   292 | D:1      | Reached XP level 2. HP: 19/19 MP: 4/6
   763 | D:1      | Gained mutation: You are in touch with the powers of death.
                  | [Mummy growth]
   763 | D:1      | Reached XP level 3. HP: 24/24 MP: 3/7
  1303 | D:2      | Noticed Terence
  1310 | D:2      | Killed Terence
  1311 | D:2      | Reached skill level 5 in Necromancy
  1311 | D:2      | Reached XP level 4. HP: 24/30 MP: 3/9
  2319 | D:3      | Found Waiph's Book Shoppe.
  2379 | D:3      | Found a faded altar of an unknown god.
  2529 | D:3      | Reached XP level 5. HP: 35/35 MP: 3/11
  2722 | D:3      | Found a shimmering altar of Xom.
  2741 | D:3      | Found a basalt altar of Yredelemnul.
  2743 | D:3      | Found an ornate altar of the Wu Jian Council.
  2743 | D:3      | Found an iron altar of Okawaru.
  2845 | D:3      | Noticed Natasha
  2851 | D:3      | Killed Natasha
  2893 | D:3      | Identified the +5 ring mail of the Jabberwock {rPois Str+4
                  | Stlth-}
  2955 | D:3      | Learned a level 3 spell: Vampiric Draining
  3145 | D:3      | Noticed Natasha
  3154 | D:3      | Killed Natasha
  3315 | D:3      | Found a faded altar of an unknown god.
  3468 | D:3      | Noticed Natasha
  3474 | D:3      | Killed Natasha
  3553 | D:4      | Reached XP level 6. HP: 41/41 MP: 7/13
  3602 | D:4      | Reached skill level 5 in Spellcasting
  4496 | D:4      | Reached XP level 7. HP: 46/46 MP: 5/15
  4707 | D:4      | Identified a scroll of acquirement
  4714 | D:4      | Acquired the +7 lajatang "Juson" {venom, Str+4}
  4739 | D:5      | Entered Level 5 of the Dungeon
  4784 | D:5      | Identified the +3 plate armour "Xenk" {*Corrode Str+2 Int+7
                  | Dex+3}
  4868 | D:5      | Reached skill level 1 in Fighting
  4971 | D:5      | Reached skill level 2 in Fighting
  4971 | D:5      | Reached skill level 1 in Staves
  4982 | D:5      | Found a staircase to the Ecumenical Temple.
  5029 | Temple   | Entered the Ecumenical Temple
  5075 | Temple   | Became a worshipper of Ashenzari the Shackled
  5309 | D:5      | Reached skill level 3 in Fighting
  5636 | D:5      | Reached skill level 4 in Fighting
  5636 | D:5      | Reached XP level 8. HP: 57/60 MP: 17/17
  6023 | D:6      | Found a blossoming altar of Fedhas.
  6131 | D:6      | Found Degreb's Jewellery Shop.
  6139 | D:6      | Acquired 1191 gold pieces
  6141 | D:6      | Bought the ring of Ugrull {rElec Will+ Int+4 Dex-4 SInv}
                  | for 561 gold pieces
  6141 | D:6      | Bought an amulet of magic regeneration for 390 gold pieces
  6208 | D:6      | Found an ancient bone altar of Kikubaaqudgha.
  6215 | D:6      | Reached skill level 5 in Fighting
  6493 | D:6      | Reached skill level 6 in Fighting
  6975 | D:7      | Reached XP level 9. HP: 64/71 MP: 18/18
  6977 | D:7      | Reached skill level 7 in Fighting
  7340 | D:7      | Reached skill level 8 in Fighting
  7535 | D:7      | Reached skill level 5 in Staves
  7984 | D:7      | Acquired the amulet "Lomif" {Reflect Fly Str+7 SH+5}
  8003 | D:7      | Reached * piety under Ashenzari
  8135 | D:7      | Reached skill level 9 in Fighting
  8284 | D:8      | Reached skill level 1 in Summonings
  8333 | D:8      | Noticed a green ugly thing
  8347 | D:7      | Killed a green ugly thing
  8348 | D:7      | Reached XP level 10. HP: 83/83 MP: 1/19
  8983 | D:8      | Found a staircase to the Lair.
  9028 | D:8      | Reached ** piety under Ashenzari
  9041 | D:8      | Found Pairav's Armour Boutique.
  9063 | D:8      | Reached skill level 5 in Summonings
  9753 | D:9      | Noticed Psyche
  9766 | D:9      | Killed Psyche
  9957 | D:9      | Noticed a white ugly thing
  9968 | D:9      | Killed a white ugly thing
 10385 | D:9      | Found a faded altar of an unknown god.
 10385 | D:9      | Found a hazy altar of Hepliaklqana.
 10388 | D:9      | Found a faded altar of an unknown god.
 10418 | D:9      | Identified the +0 pair of gloves of Altruism {+Inv Str+3}
 10568 | D:9      | Noticed Joseph
 10584 | D:9      | Killed Joseph
 10585 | D:9      | Reached XP level 11. HP: 44/89 MP: 10/20
 10756 | D:9      | Reached *** piety under Ashenzari
 10907 | D:10     | Entered Level 10 of the Dungeon
 10907 | D:10     | Found a flagged portal.
 10932 | Bailey   | Entered a bailey
 11484 | D:10     | Found a staircase to the Orcish Mines.
 11484 | D:10     | Noticed an orc sorcerer
 11519 | D:10     | Killed an orc sorcerer
 11649 | D:10     | Noticed a two-headed ogre
 11658 | D:10     | Killed a two-headed ogre
 11848 | D:10     | Learned a level 6 spell: Summon Cactus Giant
 12951 | D:10     | Noticed a two-headed ogre
 12959 | D:10     | Killed a two-headed ogre
 13018 | D:11     | Noticed Maurice
 13024 | D:11     | Killed Maurice
 13124 | Lair:1   | Entered Level 1 of the Lair of Beasts
 13298 | D:8      | Reached XP level 12. HP: 71/95 MP: 21/21
 13587 | Lair:1   | Reached **** piety under Ashenzari
 13838 | Lair:1   | Noticed Urug
 13849 | Lair:1   | Killed Urug
 14499 | Lair:2   | Found a frozen archway.
 14512 | IceCv    | Entered an ice cave
 14951 | IceCv    | Reached skill level 10 in Spellcasting
 15250 | IceCv    | Noticed a reaper
 15271 | IceCv    | Killed a reaper
 15272 | IceCv    | Reached skill level 10 in Staves
 15417 | IceCv    | Identified the +10 sling of Buwyesar {flame, rF+}
 15669 | Lair:2   | Found a hole to the Spider Nest.
 16124 | Lair:2   | Gained mutation: You are strongly in touch with the powers
                  | of death. [Mummy growth]
 16124 | Lair:2   | Reached XP level 13. HP: 83/108 MP: 27/31
 16215 | Lair:2   | Noticed Fannar
 16230 | Lair:2   | Killed Fannar
 16320 | Lair:2   | Reached ***** piety under Ashenzari
 16884 | Lair:3   | Reached skill level 1 in Fire Magic
 17242 | Lair:3   | Learned a level 3 spell: Ignite Poison
 17365 | Lair:3   | Acquired 816 gold pieces
 18180 | Lair:3   | Found a staircase to the Swamp.
 18583 | Lair:4   | Learned a level 5 spell: Summon Forest
 18917 | Lair:4   | Reached skill level 5 in Fire Magic
 19545 | Lair:5   | Entered Level 5 of the Lair of Beasts
 19987 | Lair:5   | Identified the Secrets of Apparitions
 20000 | Lair:5   | Learned a level 7 spell: Haunt
 20254 | Lair:5   | Reached XP level 14. HP: 68/118 MP: 25/34
 21444 | Lair:5   | Acquired the +12 lajatang "Adat" {flame, rPois Dex+2}
 21451 | Lair:5   | Found a viscous altar of Jiyva.
 21451 | Lair:5   | Found a staircase to the Slime Pits.
 21820 | Orc:1    | Entered Level 1 of the Orcish Mines
 21821 | Orc:1    | Paralysed by an orc sorcerer for 4 turns
 22206 | Orc:1    | Found Zaokom's Book Emporium.
 22402 | Orc:1    | Found Laaz Yjo's Assorted Antiques.
 22571 | Orc:2    | Entered Level 2 of the Orcish Mines
 22631 | Orc:2    | Learned a level 8 spell: Ignition
 22816 | Orc:2    | Found Aghiot's Assorted Antiques.
 22830 | Orc:2    | Reached skill level 10 in Fire Magic
 22855 | Orc:1    | Found Ecouwkel's Weapon Boutique.
 23669 | Orc:2    | Noticed an orc warlord
 23806 | Orc:2    | Killed an orc warlord
 24174 | Orc:2    | Reached ****** piety under Ashenzari
 24228 | Orc:2    | Found Yrulluets's General Store.
 24229 | Orc:2    | Found Posel's Jewellery Shop.
 24231 | Orc:2    | Found Usuwomp's Antique Armour Shop.
 24231 | Orc:2    | Found Xigis's Antique Weapon Boutique.
 24284 | Orc:2    | Found a staircase to the Elven Halls.
 24770 | D:11     | Reached XP level 15. HP: 122/126 MP: 36/36
 24953 | D:11     | Noticed Sonja
 24963 | D:11     | Found a portal to a secret trove of treasure.
 24963 | D:11     | Killed Sonja
 25093 | D:8      | Bought a +0 crystal plate armour for 1040 gold pieces
 25194 | D:11     | You paid a toll of a +0 crystal plate armour to enter a
                  | treasure trove
 25195 | Trove    | Entered a treasure trove
 25197 | Trove    | Identified the +2 hat of Beogh's Outrage {*Slow rElec
                  | Int+9}
 25197 | Trove    | Found the +3 crown of Dyrovepreva {rElec Int+2 SInv}
 25197 | Trove    | Identified the +5 ring mail of Zollare {rF+ Will+ Int+2
                  | Slay-5}
 25207 | Trove    | Found the +8 orange crystal plate armour {Archmagi, Int+3
                  | Clar}
 25207 | Trove    | Identified the +0 helmet of Makhleb, Summoning {Regen+}
 25207 | Trove    | Identified the +0 buckler of the Eternal Void {Dex+2}
 25217 | Trove    | Identified the +2 pair of gloves of the Jackalope {rC+
                  | rCorr}
 26511 | D:13     | Found Fidix's Assorted Antiques.
 26525 | D:13     | Noticed Snorg
 26536 | D:13     | Killed Snorg
 26719 | D:13     | Noticed Erolcha
 26726 | D:13     | Killed Erolcha
 26897 | D:13     | Found a gate to the Vaults.
 27009 | D:13     | Found a shimmering blue altar of Sif Muna.
 27904 | D:14     | Reached skill level 10 in Fighting
 28884 | D:15     | Entered Level 15 of the Dungeon
 29048 | D:15     | Identified the +1 ring mail of Virtue {Will+ rCorr Int+3
                  | Stlth+}
 29256 | D:15     | Reached skill level 11 in Fighting
 29409 | D:15     | Reached XP level 16. HP: 139/139 MP: 37/37
 29427 | D:15     | Found a staircase to the Depths.
 30447 | Spider:1 | Entered Level 1 of the Spider Nest
 30463 | Spider:1 | Reached skill level 12 in Fighting
 30573 | Spider:1 | Reached skill level 5 in Dodging
 31621 | Spider:1 | Noticed Donald
 31632 | Spider:1 | Killed Donald
 34327 | Spider:3 | Reached XP level 17. HP: 137/149 MP: 24/40
 34500 | Spider:3 | Learned a level 8 spell: Infestation
 34616 | Spider:3 | Reached skill level 15 in Spellcasting
 34718 | Spider:3 | Noticed Arachne
 34748 | Spider:3 | Killed Arachne
 34860 | Spider:3 | Identified the +6 hand axe of the Telling Gods {vorpal, Fly
                  | rC+ Str+3}
 35386 | Spider:3 | Identified the +9 great sword of the Hall of Blades {flame,
                  | Str+3 Int+7 Dex-3}
 35444 | Spider:4 | Entered Level 4 of the Spider Nest
 36336 | Spider:4 | Found the +7 great mace "Undeadhunter" {disrupt, rN+}
 36342 | Spider:4 | Found the +5 glaive of the Guard {elec, spectral, AC+5}
 38094 | Spider:4 | Got a gossamer rune of Zot
 38125 | Spider:4 | Identified the +6 short sword of Valour {venom, rElec
                  | Dex+3}
 38644 | Swamp:1  | Entered Level 1 of the Swamp
 38644 | Swamp:1  | Identified the +1 robe of an ice cave {Rampage *Slow Int+3}
 38894 | Swamp:1  | Reached XP level 18. HP: 157/157 MP: 44/44
 39649 | Swamp:2  | Reached skill level 10 in Necromancy
 39712 | Swamp:2  | Reached skill level 10 in Dodging
 40454 | Swamp:2  | Found a large runed translucent door.
 40454 | Swamp:2  | Found a large runed translucent door.
 40454 | Swamp:2  | Identified the ring of Wysucw {rPois SInv}
 40455 | Swamp:2  | Noticed fly's ghost (adept DrMo)
 40624 | Swamp:2  | Killed fly's ghost
 41204 | Swamp:3  | Found the ring of the Tortoise {AC+8}
 41205 | Swamp:3  | Identified the Folio of Lethal Accompaniment
 41446 | Swamp:3  | Noticed Mara
 41461 | Swamp:3  | Identified the +10 long sword of Gyraeqom {pain, rN+ Int+2}
 41466 | Swamp:3  | Killed Mara
 41677 | Swamp:3  | Identified the amulet of Nudgh {RegenMP rPois Str+2}
 42801 | Swamp:4  | Entered Level 4 of the Swamp
 43802 | Swamp:4  | Reached XP level 19. HP: 163/163 MP: 37/45
 44323 | Swamp:4  | Noticed Bai Suzhen
 44728 | Swamp:4  | Killed Bai Suzhen
 45178 | Swamp:4  | Noticed the 27-headed Lernaean hydra
 45198 | Swamp:4  | Killed the 27-headed Lernaean hydra
 45335 | Swamp:4  | Got a decaying rune of Zot
 45715 | Vaults:1 | Entered Level 1 of the Vaults
 46215 | Vaults:1 | Acquired a book of Decay
 46222 | Vaults:1 | Learned a level 4 spell: Dispel Undead
 46225 | Vaults:1 | Learned a level 2 spell: Cigotuvi's Dreadful Rot
 46232 | Vaults:1 | Learned a level 6 spell: Death Channel
 46260 | Vaults:1 | Reached skill level 1 in Armour
 47615 | Vaults:1 | Reached skill level 5 in Armour
 48269 | Vaults:2 | Found a staircase to the Crypt.
 49304 | Vaults:2 | Identified the +9 arbalest of Gynik {penet, Int+6}
 49493 | Vaults:2 | Reached XP level 20. HP: 161/170 MP: 46/46
 50018 | Orc:1    | Bought a manual of Fighting for 1280 gold pieces
 50474 | Vaults:3 | Reached skill level 10 in Armour
 51719 | Vaults:3 | Identified the +5 scale mail of Cogip {rF- rCorr Str+3
                  | Int-5 Dex+7}
 55238 | Vaults:4 | Identified the +1 ring mail of the Untouchables {Stlth+}
 55666 | Vaults:4 | Noticed Sojobo
 55996 | Vaults:4 | Reached XP level 21. HP: 155/177 MP: 38/47
 56197 | Vaults:4 | Killed Sojobo
 56391 | Vaults:4 | Noticed Jory
 56421 | Vaults:4 | Killed Jory
 56682 | Vaults:5 | Entered Level 5 of the Vaults
 56686 | Vaults:5 | Reached skill level 14 in Fighting
 56688 | Vaults:5 | Reached skill level 15 in Fighting
 56700 | Vaults:5 | Noticed a dread lich
 56882 | Vaults:5 | Noticed an ancient lich
 57339 | Vaults:4 | Killed a dread lich
 57340 | Vaults:4 | Reached skill level 16 in Fighting
 57406 | Vaults:5 | Reached skill level 17 in Fighting
 57660 | Vaults:5 | Killed an ancient lich
 57935 | Vaults:5 | Reached skill level 18 in Fighting
 58781 | Vaults:5 | Identified the ring of Serendipity {Dex+4 SInv}
 58857 | Vaults:5 | Identified the +8 plate armour "Hiam Nemm" {Drain rPois
                  | Int+7}
 58859 | Vaults:5 | Found Zuiwi's Weapon Emporium.
 58885 | Vaults:5 | Reached skill level 19 in Fighting
 59504 | Vaults:5 | Noticed an ancient lich
 59543 | Vaults:5 | Killed an ancient lich
 59684 | Vaults:5 | Identified the ring "Uskept" {Str+6 Slay+4}
 59686 | Vaults:5 | Identified the +11 rapier of Shame {vorpal, rPois}
 59704 | Vaults:5 | Got a silver rune of Zot
 59755 | Vaults:5 | Noticed an ancient lich
 59761 | Vaults:5 | Killed an ancient lich
 59762 | Vaults:5 | Reached XP level 22. HP: 160/204 MP: 10/48
 59993 | Vaults:5 | Noticed a dread lich
 60005 | Vaults:5 | Killed a dread lich
 60006 | Vaults:5 | Reached skill level 20 in Fighting
 60267 | Vaults:5 | Identified the ring "Meleb" {rElec rPois Int+3 SInv}
 60556 | Vaults:5 | Noticed an ancient lich
 60560 | Vaults:5 | Killed an ancient lich
 61024 | Vaults:5 | Identified the ring "Moliotom" {rElec rPois Will++ Dex+2}
 61130 | Vaults:5 | Acquired the +2 pair of gloves of Disappointment {rPois
                  | Int+2 Dex+2}
 61439 | Slime:1  | Entered Level 1 of the Pits of Slime
 61699 | Slime:1  | Reached skill level 21 in Fighting
 65158 | Slime:5  | Entered Level 5 of the Pits of Slime
 65190 | Slime:5  | Reached skill level 22 in Fighting
 66097 | Slime:5  | Noticed the Royal Jelly
 66100 | Slime:5  | Killed the Royal Jelly
 66532 | Slime:5  | Slain by a rockslime

Illustrated notes

Levels and vault maps discovered:
D:1:      dpeg_arrival_chambers_temple_mockup, layout_basic,
          palyth_stone_intersect, minivault_23
D:2:      layout_loops_ring, dreamdust_princess_bridge, guppyfry_early_orc_mine,
          uniq_terence
D:3:      cheibrodos_pilgrimage, layout_rooms,
          nicolae_overflow_ecumenical_swirl, grunt_temple_overflow_open,
          shapermc_ecumenical_altar_acropolis, serial_shops,
          nicolae_shop_hallway_stairs, st_stairs_9, uniq_natasha
D:4:      layout_loops_ring
D:5:      layout_basic, minmay_temple_entry_slanted, nicolae_hexahallways
D:6:      layout_basic, mainiacjoe_overflow_small_starburst,
          mainiacjoe_overflow_brackets, serial_shops, shop
D:7:      layout_loops_corners, grunt_ministairs_10, minmay_increasing_density
D:8:      layout_layer_cave, due_lair_maze_entry_diamond, serial_shops,
          nicolae_square_shop
D:9:      layout_cave_pods, nicolae_hepliaklqana_ecumenical_no_more,
          serial_bayou_pond_a, chequers_avenue, minmay_circle_x, uniq_joseph,
          uniq_psyche
D:10:     layout_roguey, lemuel_doored_altar, zombieorc1_lemuel, enter_bailey_5,
          minmay_parallelograms, minmay_fractal_squares_diagonal_5
D:11:     layout_roguey, enter_trove_6, serial_curves, eino_curves_01,
          eino_curves_02, nrook_guardian_serpent_double, uniq_maurice,
          uniq_sonja
D:12:     layout_loops_corners
D:13:     layout_long_grid, lightli_vaults_fourway_checkpoint, serial_shops,
          nicolae_stop_n_shop_1, nicolae_sif_muna_condensation, uniq_erolcha,
          uniq_snorg
D:14:     layout_cave_pods, nicolae_BIG_FREAKIN_CUBE
D:15:     gammafunk_enter_depths_forms, layout_long_grid,
          minmay_misc_feat_diagonals
Temple:   nicolae_temple_figure_eight
Lair:1:   layout_hall_layers, fungi_pond_lemuel, uniq_urug
Lair:2:   layout_layer_cave, dummy_spider_entry, portal_ice_cave_rime,
          minmay_holes, serial_bayou_shore_b, uniq_fannar
Lair:3:   layout_cave_pods, minmay_swamp_entry_swarm
Lair:4:   layout_loops_ring, nicolae_lair_grazing_beasts
          [nicolae_sub_lair_graze_edge, nicolae_sub_lair_graze_edge,
          nicolae_sub_lair_graze_edge, nicolae_sub_lair_graze_edge],
          lemuel_fruit_tree
Lair:5:   minmay_lair_end_enchanted_forest, layout_long_grid,
          minmay_slime_entry_pillars
Swamp:1:  layout_basic_swamp, evilmike_swamp_ruin_house_4, swamp_pool3
Swamp:2:  layout_basic_swamp, ebering_ghost_disaster_area,
          nicolae_swamp_bean_lake, infiniplex_staircase_pool_2
Swamp:3:  cheibrodos_swamp_mausoleum, layout_falls_marsh,
          nicolae_swamp_round_clearing, uniq_mara
Swamp:4:  grunt_swamp_rune_castle, layout_basic_swamp, swamp_pool4,
          nicolae_swamp_oxbows, uniq_bai_suzhen
Spider:1: layout_spider_delve, uniq_donald
Spider:2: layout_spider_delve
Spider:3: layout_spider_delve, nicolae_spider_baby_got_redback, uniq_arachne
Spider:4: johnstein_spider_rune_arachne_lair, worms_lemuel
Slime:1:  layout_caves
Slime:2:  layout_caves
Slime:3:  layout_caves
Slime:4:  cheibrodos_slime_lost_civilization_10, layout_caves
Slime:5
Orc:1:    layout_diamond_mine, serial_shops, nicolae_shop_statue_plus,
          nicolae_shop_behind_doors, shop
Orc:2:    st_orc_congregation, layout_diamond_mine, basic_altar,
          hangedman_feature_mirror, nicolae_orc_stony_grotto,
          guppyfry_orc_lava_fort
Vaults:1: nicolae_vaults_an_arrangement, ontoclasm_vaults_gateway, v_misc_30,
          hangedman_vaults_snaps, nicolae_vaults_yaktaur_gun_rack,
          hangedman_vaults_maws, nicolae_vaults_asterisk,
          vaults_room_stairs_pillars, vaults_dpeg_encased_lava,
          layout_vaults_big_room
Vaults:2: vaults_mumra_lcd, blue_anna_dwarven_crypt, vaults_room_door_hall,
          v_rooms_5, hangedman_vaults_impose, vaults_room_pool,
          grunt_vaults_bifocal, dpeg_vaults_waves,
          vaults_mumra_minichess_inversion, nicolae_vaults_little_squares_5,
          grunt_vaults_funnel, grunt_vaults_focal, vaults_room_door_hall,
          v_alt_pattern_4, layout_vaults_maze
Vaults:3: vaults_room_hallway, vaults_room_semicircle, hangedman_vaults_stream,
          hangedman_vaults_corner_blocks, st_cross, vaults_room_ringed_pool,
          vaults_room_large_hall, v_pattern_5, vaults_room_grid,
          nicolae_vaults_sealed_display, layout_vaults_ring
Vaults:4: vaults_room_stairs_pillars, st_more_cells,
          nicolae_vaults_ninety_degrees, nicolae_vaults_network_square,
          nicolae_vaults_rhombus_6, nicolae_vaults_little_squares_5,
          ontoclasm_vaults_loading_screen, ontoclasm_vaults_twist,
          vaults_room_pool, hangedman_vaults_impose, hangedman_vaults_capsules,
          v_misc_33, hangedman_vaults_corner, v_misc_8, v_misc_17,
          vaults_room_hallway, layout_vaults_omnibox, serial_glass, uniq_jory,
          uniq_sojobo
Vaults:5

Skill      XL: |  1  2  3  4  5  6  7  8  9 10 11 12 13 14 15 16 17 18 19 20 21 22 |
---------------+-------------------------------------------------------------------+-----
Spellcasting   | 3 4 5 6 11 12 14 18 | 18.0
Necromancy     | 5 6 7 8 13 14 | 14.4
Fighting       | 4 6 9 11 12 19 22 | 22.6
Staves         | 2 4 5 7 8 10 11 | 11.7
Summonings     | 2 6 9 |  9.9
Fire Magic     | 7 11 13 | 13.7
Dodging        | 4 7 9 11 | 11.7
Armour         | 8 13 14 | 14.4
Stealth        | |  1.5

Action                   |  1- 3 |  4- 6 |  7- 9 | 10-12 | 13-15 | 16-18 | 19-21 | 22-24 || total
-------------------------+-------+-------+-------+-------+-------+-------+-------+-------++-------
Melee: Unarmed           |    11 |       |       |       |       |       |       |       ||    11
       Whip              |       |    55 |     5 |       |       |       |       |       ||    60
       Punch             |       |     1 |       |       |       |       |       |       ||     1
       Lajatang          |       |       |   183 |   572 |   924 |   812 |   517 |   125 ||  3133
 Cast: Necrotise         |    60 |   110 |    15 |     2 |       |       |       |       ||   187
       Vampiric Draining |       |     7 |    36 |    22 |    49 |     7 |    14 |       ||   135
       Summon Cactus Gia |       |       |       |     8 |    18 |    24 |    25 |     6 ||    81
       Summon Forest     |       |       |       |       |    11 |    10 |     8 |       ||    29
       Ignite Poison     |       |       |       |       |     1 |       |       |       ||     1
       Ignition          |       |       |       |       |    17 |    91 |   196 |   109 ||   413
       Haunt             |       |       |       |       |     2 |    27 |    38 |    14 ||    81
       Dispel Undead     |       |       |       |       |       |       |    11 |     6 ||    17
       Death Channel     |       |       |       |       |       |       |     1 |       ||     1
       Infestation       |       |       |       |       |       |       |     1 |       ||     1
Invok: Curse Item        |       |       |     2 |     4 |     4 |       |       |       ||    10
       Shatter the Chain |       |       |       |       |     1 |       |       |       ||     1
Evoke: Wand              |       |       |       |       |     1 |       |       |       ||     1
  Use: Scroll            |       |     2 |    14 |     3 |     4 |     7 |     7 |    11 ||    48
 Stab: Distracted        |       |       |       |     1 |     1 |     2 |     1 |       ||     5
Armor: Robe              |     4 |    20 |       |       |       |       |       |       ||    24
       Ring mail         |       |       |   185 |   358 |   511 |   493 |   270 |    73 ||  1890
Dodge: Dodged            |    20 |    69 |   188 |   334 |   478 |   559 |   331 |    74 ||  2053
Block: Other             |       |       |     7 |   147 |   222 |   203 |   117 |    28 ||   724
       Reflection        |       |       |       |     1 |     5 |       |     8 |     2 ||    16

Table legend: (Time is in decaauts)
 A = Elapsed time spent in this place.
 B = Non-inter-level travel time spent in this place.
 C = Inter-level travel time spent in this place.
 D = Time resting spent in this place.
 E = Time spent auto-exploring this place.
 F = Levels seen in this place.
 G = Mean time per level.
                   A        B        C        D        E       F      G
               +--------+--------+--------+--------+--------+-----+--------+
         Total |  66033 |  61928 |   4105 |  17887 |  34939 |  44 | 1500.8 |
       Dungeon |  19018 |  17484 |   1534 |   1275 |  13688 |  15 | 1267.9 |
        Temple |    242 |    211 |     31 |      0 |    208 |   1 |  242.0 |
          Lair |   8169 |   7716 |    453 |   1090 |   5504 |   5 | 1633.8 |
         Swamp |   6424 |   6117 |    307 |   2172 |   3062 |   4 | 1606.0 |
   Spider Nest |   7838 |   7585 |    253 |   3171 |   3210 |   4 | 1959.5 |
    Slime Pits |   4936 |   4858 |     78 |   3294 |   1077 |   5 |  987.2 |
  Orcish Mines |   2553 |   2180 |    373 |    148 |   1470 |   2 | 1276.5 |
        Vaults |  15262 |  14189 |   1073 |   6017 |   6327 |   5 | 3052.4 |
         Trove |     45 |     45 |      0 |      0 |      2 |   1 |   45.0 |
        Bailey |    500 |    500 |      0 |     88 |    294 |   1 |  500.0 |
      Ice Cave |   1043 |   1043 |      0 |    632 |     97 |   1 | 1043.0 |
               +--------+--------+--------+--------+--------+-----+--------+

Top non-repeatable levels by time:
Vaults:4: 3980 daAuts
Vaults:3: 3617 daAuts
 Swamp:3: 2991 daAuts
Vaults:2: 2834 daAuts
Spider:1: 2667 daAuts
Vaults:5: 2627 daAuts
Spider:3: 2513 daAuts
  Lair:5: 2245 daAuts
Vaults:1: 2202 daAuts
    D:10: 2175 daAuts
  Lair:3: 2084 daAuts
     D:8: 1819 daAuts
Spider:4: 1809 daAuts
   Orc:2: 1795 daAuts
  Lair:2: 1630 daAuts
